PAAA
MILTON DOGFISH HEAD @ ROYSE CITY TARGARYENS
09/02/2030
 
TOP OF THE 1ST
Milton Dogfish Head batting - Pitching for Royse City Targaryens : RHP Edgar Lankford
Pitching: RHP Edgar Lankford
Batting: LHB Sergio Muñóz 0-0: Swinging Strike
0-1: Ball
1-1: Ball
2-1: Fly out, F7 (Flyball, 7)
Batting: RHB Darrell Terwey 0-0: Called Strike
0-1: Swinging Strike
0-2: Strikes out swinging, 2-3 out at first.
Batting: RHB Yves Girard 0-0: Reached on error, E6 (Groundball, 6)
Batting: SHB Alejandro Castillo 0-0: Called Strike
0-1: Ball
1-1: Ball
2-1: Ball
3-1: Base on Balls
Batting: SHB Javier Luna 0-0: Ball
1-0: Foul Ball, location: 2F
1-1: Called Strike
1-2: Strikes out swinging
Top of the 1st over - 0 runs, 0 hits, 1 error, 2 left on base; Milton 0 - Royse City 0
BOTTOM OF THE 1ST
Royse City Targaryens batting - Pitching for Milton Dogfish Head : RHP Francisco Barrios
Pitching: RHP Francisco Barrios
Batting: SHB Miguel Herrera 0-0: Foul Ball, location: 2F
0-1: Foul Ball, location: 2F
0-2: Ball
1-2: SINGLE (Groundball, 56D)
Batting: RHB Chi-ju Zhang 0-0: Ball
Wild Pitch!
Miguel Herrera to second
1-0: 2-RUN HOME RUN (Flyball, 89XD), Distance : 385 ft
Batting: LHB Juan Macíel 0-0: Ball
1-0: Foul Ball, location: 2F
1-1: Ball
2-1: Foul Ball, location: 2F
2-2: Fly out, F8 (Flyball, 89D)
Batting: LHB Terrence Eler 0-0: Ground out 4-3 (Groundball, 4)
Batting: RHB Alberto Vargas 0-0: Ball
1-0: Swinging Strike
1-1: Ground out 4-3 (Groundball, 4)
Bottom of the 1st over - 2 runs, 2 hits, 0 errors, 0 left on base; Milton 0 - Royse City 2
TOP OF THE 2ND
Milton Dogfish Head batting - Pitching for Royse City Targaryens : RHP Edgar Lankford
Batting: SHB Shoin Takuda 0-0: Ball
1-0: Ground out 5-3 (Groundball, 5L)
Batting: LHB Víctor Robledo 0-0: Ball
1-0: SINGLE (Groundball, 3D)
Batting: LHB Jeff Lawson 0-0: Called Strike
0-1: Ball
1-1: Ball
2-1: Called Strike
2-2: Foul Ball, location: 2F
2-2: Ball
3-2: Base on Balls
Víctor Robledo to second
Batting: SHB Enrique Costello 0-0: Ball
1-0: Called Strike
1-1: Ball
2-1: Ball
3-1: Called Strike
3-2: Strikes out swinging
Batting: LHB Sergio Muñóz 0-0: Swinging Strike
0-1: Ball
1-1: Fly out, F9 (Flyball, 9)
Top of the 2nd over - 0 runs, 1 hit, 0 errors, 2 left on base; Milton 0 - Royse City 2
BOTTOM OF THE 2ND
Royse City Targaryens batting - Pitching for Milton Dogfish Head : RHP Francisco Barrios
Batting: LHB Gonzalo Álvarez 0-0: Ball
1-0: Called Strike
1-1: Foul Ball, location: 2F
1-2: Strikes out swinging
Batting: RHB Felipe Campos 0-0: Called Strike
0-1: Ball
1-1: Swinging Strike
1-2: DOUBLE (Flyball, 89D)
Batting: LHB Ashley Thachi 0-0: Ball
1-0: Ball
2-0: Called Strike
2-1: Ball
3-1: Fly out, F5 (Line Drive, 5)
Batting: RHB Junior Pittman 0-0: Called Strike
0-1: Ground out 5-3 (Groundball, 5L)
Bottom of the 2nd over - 0 runs, 1 hit, 0 errors, 1 left on base; Milton 0 - Royse City 2
TOP OF THE 3RD
Milton Dogfish Head batting - Pitching for Royse City Targaryens : RHP Edgar Lankford
Batting: RHB Darrell Terwey 0-0: Ball
1-0: Ball
2-0: Foul Ball, location: 2F
2-1: Called Strike
2-2: Ground out 6-3 (Groundball, 6)
Batting: RHB Yves Girard 0-0: Called Strike
0-1: Ball
1-1: Ground out 6-3 (Groundball, 6)
Batting: SHB Alejandro Castillo 0-0: Called Strike
0-1: Foul Ball, location: 2F
0-2: Ball
1-2: Foul Ball, location: 2F
1-2: Ball
2-2: Ground out U3 (Groundball, 3)
Top of the 3rd over - 0 runs, 0 hits, 0 errors, 0 left on base; Milton 0 - Royse City 2
BOTTOM OF THE 3RD
Royse City Targaryens batting - Pitching for Milton Dogfish Head : RHP Francisco Barrios
Batting: SHB Miguel Herrera 0-0: Called Strike
0-1: Ball
1-1: Foul Ball, location: 2F
1-2: Strikes out looking
Batting: RHB Chi-ju Zhang 0-0: Called Strike
0-1: Called Strike
0-2: Ball
1-2: Ball
2-2: Fly out, F9 (Flyball, 9)
Batting: LHB Juan Macíel 0-0: Ground out 5-3 (Groundball, 56)
Bottom of the 3rd over - 0 runs, 0 hits, 0 errors, 0 left on base; Milton 0 - Royse City 2
TOP OF THE 4TH
Milton Dogfish Head batting - Pitching for Royse City Targaryens : RHP Edgar Lankford
Batting: SHB Javier Luna 0-0: Ground out U3 (Groundball, 3)
Batting: SHB Shoin Takuda 0-0: Ball
1-0: Ball
2-0: SINGLE (Groundball, 4D)
Batting: LHB Víctor Robledo 0-0: Called Strike
0-1: Foul Ball, location: 2F
0-2: Foul Ball, location: 2F
0-2: Ball
1-2: Foul Ball, location: 2F
1-2: Strikes out swinging
Batting: LHB Jeff Lawson 0-0: Ball
1-0: Ball
2-0: Called Strike
2-1: Ball
3-1: Foul Ball, location: 2F
3-2: SINGLE (Line Drive, 3D)
Shoin Takuda to second
Shoin Takuda to third
Batting: SHB Enrique Costello 0-0: Ball
1-0: DOUBLE (Line Drive, 9LM)
Shoin Takuda scores
Jeff Lawson to third
Runner from 3rd tries for Home, SAFE, no throw
Batting: LHB Sergio Muñóz 0-0: Ball
1-0: Ball
2-0: Called Strike
2-1: Foul Ball, location: 2F
2-2: Foul Ball, location: 2F
2-2: Ball
3-2: Base on Balls
Batting: RHB Darrell Terwey 0-0: Ball
1-0: Foul Ball, location: 2F
1-1: Ball
2-1: Fielders Choice at 2nd, 6-4 (Groundball, 6)
Top of the 4th over - 2 runs, 3 hits, 0 errors, 2 left on base; Milton 2 - Royse City 2
BOTTOM OF THE 4TH
Royse City Targaryens batting - Pitching for Milton Dogfish Head : RHP Francisco Barrios
Batting: LHB Terrence Eler 0-0: Called Strike
0-1: Ball
1-1: Fly out, F8 (Flyball, 8LM)
Batting: RHB Alberto Vargas 0-0: Foul Ball, location: 2F
0-1: Ball
1-1: Called Strike
1-2: Foul Ball, location: 2F
1-2: Fly out, F8 (Flyball, 8RS)
Batting: LHB Gonzalo Álvarez 0-0: SINGLE (Line Drive, 9LS)
Batting: RHB Felipe Campos 0-0: Called Strike
Gonzalo Álvarez is caught stealing 2nd base
Bottom of the 4th over - 0 runs, 1 hit, 0 errors, 0 left on base; Milton 2 - Royse City 2
TOP OF THE 5TH
Milton Dogfish Head batting - Pitching for Royse City Targaryens : RHP Edgar Lankford
Batting: RHB Yves Girard 0-0: Called Strike
0-1: Fly out, F2 (Popup, 23F)
Batting: SHB Alejandro Castillo 0-0: SINGLE (Groundball, 34D)
Batting: SHB Javier Luna 0-0: Ball
1-0: Fly out, F8 (Flyball, 8LD)
Batting: SHB Shoin Takuda 0-0: Foul Ball, location: 2F
0-1: Ball
1-1: Fly out, F9 (Flyball, 89D)
Top of the 5th over - 0 runs, 1 hit, 0 errors, 1 left on base; Milton 2 - Royse City 2
BOTTOM OF THE 5TH
Royse City Targaryens batting - Pitching for Milton Dogfish Head : RHP Francisco Barrios
Batting: RHB Felipe Campos 0-0: Ball
1-0: Foul Ball, location: 2F
1-1: SINGLE (Groundball, 5S) (infield hit)
Batting: LHB Ashley Thachi 0-0: Sac Bunt - play at first, batter OUT! U3
Felipe Campos to second
Batting: RHB Junior Pittman 0-0: Ball
1-0: Swinging Strike
1-1: Ball
2-1: Ball
3-1: 2-RUN HOME RUN (Line Drive, 78XD), Distance : 410 ft
Batting: SHB Miguel Herrera 0-0: Foul Ball, location: 2F
0-1: SINGLE (Groundball, 6MS) (infield hit)
Batting: RHB Chi-ju Zhang 0-0: Ball
1-0: Ball
2-0: Swinging Strike
2-1: Ball
3-1: Swinging Strike
3-2: Fly out, F8 (Flyball, 8RD)
Batting: LHB Juan Macíel 0-0: Ball
1-0: Ground out 1-3 (Groundball, 13S)
Bottom of the 5th over - 2 runs, 3 hits, 0 errors, 1 left on base; Milton 2 - Royse City 4
TOP OF THE 6TH
Milton Dogfish Head batting - Pitching for Royse City Targaryens : RHP Edgar Lankford
Batting: LHB Víctor Robledo 0-0: Ground out U3 (Groundball, 3)
Batting: LHB Jeff Lawson 0-0: Ball
1-0: SINGLE (Line Drive, 7S)
Batting: SHB Enrique Costello 0-0: Ball
1-0: Fly out, F7 (Line Drive, 7LD)
Batting: LHB Sergio Muñóz 0-0: Ball
1-0: Foul Ball, location: 2F
1-1: Fly out, F7 (Flyball, 7LS)
Top of the 6th over - 0 runs, 1 hit, 0 errors, 1 left on base; Milton 2 - Royse City 4
BOTTOM OF THE 6TH
Royse City Targaryens batting - Pitching for Milton Dogfish Head : RHP Francisco Barrios
Batting: LHB Terrence Eler 0-0: Ball
1-0: SINGLE (Line Drive, 8LS)
Batting: RHB Alberto Vargas 0-0: Called Strike
0-1: Fly out, F8 (Flyball, 8RM)
Batting: LHB Gonzalo Álvarez 0-0: Called Strike
0-1: Ball
1-1: Fielders Choice at 2nd, 6-4 (Groundball, 6)
Batting: RHB Felipe Campos 0-0: Ball
1-0: Ball
2-0: Ball
3-0: Called Strike
3-1: Base on Balls
Gonzalo Álvarez to second
Batting: LHB Ashley Thachi 0-0: Swinging Strike
0-1: SINGLE (Line Drive, 9S)
Gonzalo Álvarez to third
Felipe Campos to second
Runner from 3rd tries for Home, SAFE, no throw
Pitching: RHP Vincente Ortíz
Batting: RHB Junior Pittman 0-0: Ground out 4-3 (Groundball, 4M)
Bottom of the 6th over - 1 run, 2 hits, 0 errors, 2 left on base; Milton 2 - Royse City 5
TOP OF THE 7TH
Milton Dogfish Head batting - Pitching for Royse City Targaryens : RHP Edgar Lankford
Batting: RHB Darrell Terwey 0-0: Ball
1-0: Ball
2-0: Ball
3-0: Base on Balls
Batting: RHB Yves Girard 0-0: Ball
1-0: Foul Ball, location: 2F
1-1: Foul Ball, location: 2F
1-2: Foul Ball, location: 2F
1-2: Strikes out swinging
Pitching: RHP Emershan Naidoo
Batting: SHB Alejandro Castillo 0-0: Swinging Strike
0-1: Swinging Strike
0-2: Strikes out swinging
Batting: SHB Javier Luna 0-0: Fly out, F6 (Flyball, 56D)
Top of the 7th over - 0 runs, 0 hits, 0 errors, 1 left on base; Milton 2 - Royse City 5
BOTTOM OF THE 7TH
Royse City Targaryens batting - Pitching for Milton Dogfish Head : RHP Vincente Ortíz
Batting: SHB Miguel Herrera 0-0: Called Strike
0-1: DOUBLE (Line Drive, 78D)
Batting: RHB Chi-ju Zhang 0-0: Ball
1-0: Foul Ball, location: 2F
1-1: Swinging Strike
1-2: Ball
2-2: SINGLE (Flyball, 7LS)
Miguel Herrera to third
Batting: LHB Juan Macíel 0-0: Ball
1-0: Called Strike
1-1: Ground out 4-3 (Groundball, 34S)
Chi-ju Zhang to second
Batting: LHB Terrence Eler 0-0: Ball
1-0: SINGLE (Flyball, 7LS)
Miguel Herrera scores
Chi-ju Zhang to third
Runner from 3rd tries for Home, SAFE, throw made home
Batting: RHB Alberto Vargas 0-0: Called Strike
0-1: Ball
1-1: Foul Ball, location: 2F
1-2: Foul Ball, location: 2F
1-2: SINGLE (Line Drive, 89S)
Terrence Eler to second
Batting: LHB Gonzalo Álvarez 0-0: Ball
1-0: Called Strike
1-1: Ball
2-1: Fly out, F7 (Flyball, 78S)
Batting: RHB Felipe Campos 0-0: Called Strike
0-1: Swinging Strike
0-2: Fielders Choice at 2nd, U4 (Groundball, 4M)
Bottom of the 7th over - 2 runs, 4 hits, 0 errors, 2 left on base; Milton 2 - Royse City 7
TOP OF THE 8TH
Milton Dogfish Head batting - Pitching for Royse City Targaryens : RHP Emershan Naidoo
Batting: SHB Shoin Takuda 0-0: Ball
1-0: Foul Ball, location: 2F
1-1: Foul Ball, location: 2F
1-2: Ball
2-2: SINGLE (Line Drive, 34D)
Batting: LHB Víctor Robledo 0-0: Called Strike
0-1: Foul Ball, location: 2F
0-2: Grounds out, U3 (Groundball, 3L)
Batting: LHB Jeff Lawson 0-0: Called Strike
0-1: Called Strike
0-2: Ball
1-2: Ball
2-2: Ball
3-2: Strikes out looking
Batting: SHB Enrique Costello 0-0: Fly out, F6 (Popup, 6MD)
Top of the 8th over - 0 runs, 1 hit, 0 errors, 1 left on base; Milton 2 - Royse City 7
BOTTOM OF THE 8TH
Royse City Targaryens batting - Pitching for Milton Dogfish Head : RHP Vincente Ortíz
Batting: LHB Ashley Thachi 0-0: Called Strike
0-1: Ball
1-1: Called Strike
1-2: Ground out 6-3 (Groundball, 6)
Batting: RHB Junior Pittman 0-0: Swinging Strike
0-1: Ball
1-1: Ball
2-1: SINGLE (Groundball, 6) (infield hit)
Batting: SHB Miguel Herrera 0-0: Swinging Strike
0-1: Ball
Balk!
Junior Pittman to second
1-1: Foul Ball, location: 2F
1-2: SINGLE (Groundball, 6D)
Junior Pittman to third
Runner from 3rd tries for Home, SAFE, no throw
Pitching: LHP Shun'ichi Tanaka
Batting: RHB Chi-ju Zhang 0-0: Ball
1-0: Ground out 5-3 (Groundball, 56S)
Miguel Herrera to second
Batting: LHB Juan Macíel 0-0: Foul Ball, location: 2F
0-1: Foul Ball, location: 2F
0-2: SINGLE (Groundball, 6D)
Miguel Herrera to third
Batting: LHB Terrence Eler 0-0: Called Strike
0-1: Ball
1-1: Ball
2-1: Swinging Strike
2-2: Fly out, F9 (Flyball, 9D)
Bottom of the 8th over - 1 run, 3 hits, 0 errors, 2 left on base; Milton 2 - Royse City 8
TOP OF THE 9TH
Milton Dogfish Head batting - Pitching for Royse City Targaryens : RHP Emershan Naidoo
Batting: LHB Sergio Muñóz 0-0: Foul Ball, location: 2F
0-1: Swinging Strike
0-2: Ball
1-2: Strikes out looking
Batting: RHB Darrell Terwey 0-0: Called Strike
0-1: Ball
1-1: Ball
2-1: Ball
3-1: Called Strike
3-2: Ground out 6-3 (Groundball, 6)
Batting: RHB Yves Girard 0-0: Ground out 6-3 (Groundball, 6)
Top of the 9th over - 0 runs, 0 hits, 0 errors, 0 left on base; Milton 2 - Royse City 8
Sunday, March 18th, 2018 - OOTP Baseball 18.8 Build 76